 Dungeon Crawl Stone Soup version 0.31-a0-344-gd109795599 (webtiles) character file.

Game seed: 2288332180957748092

501 AdnanSaban the Cudgeller (level 7, -9/44 HPs)
             Began as a Gargoyle Fighter on July 22, 2023.
             Was an Initiate of Okawaru.
             Mangled by an ogre
             ... wielding a +0 giant club
              (26 damage)
             ... on level 4 of the Dungeon.
             The game lasted 00:05:58 (4274 turns).

AdnanSaban the Cudgeller (Gargoyle Fighter)         Turns: 4274, Time: 00:05:59

Health: -9/44      AC: 13    Str: 27    XL:     7   Next: 17%
Magic:  7/7        EV: 10    Int:  9    God:    Okawaru [......]
Gold:   293        SH:  5    Dex: 15    Spells: 6/6 levels left

rFire   . . .        p - +0 mace (holy)
rCold   . . .        c - +0 buckler
rNeg    + . .        b - +0 scale mail
rPois   ∞            x - +0 helmet
rElec   +            (no cloak)
rCorr   .            (no gloves)
SInv    .            (no boots)
Will    .....        a - amulet of the acrobat Stlth
                     q - +6 ring of strength
HPRegen 0.27/turn    u - +6 ring of dexterity
MPRegen 0.10/turn

%: acrobat
@: no status effects
A: sickness immunity, AC +4, negative energy resistance 1, electricity
resistance, torment resistance 1, petrification resistance
a: Renounce Religion


You were on level 4 of the Dungeon.
You worshipped Okawaru.
Okawaru was noncommittal.
You visited 2 branches of the dungeon, and saw 6 of its levels.

You collected 293 gold pieces.

Inventory:

Hand Weapons
 p - a +0 mace of holy wrath (weapon)
Armour
 b - a +0 scale mail (worn)
 c - a +0 buckler (worn)
 x - a +0 helmet (worn)
Jewellery
 a - an amulet of the acrobat (around neck)
 k - an amulet of faith
 q - a +6 ring of strength (left hand)
 u - a +6 ring of dexterity (right hand)
 A - a ring of flight
Wands
 o - a wand of polymorph (6)
Scrolls
 e - a scroll of fear {unknown}
 f - 4 scrolls of identify {unknown}
 i - 2 scrolls of fog {unknown}
 j - a scroll of acquirement {unknown}
 m - 5 scrolls of teleportation {unknown}
 r - a scroll of enchant weapon {unknown}
 s - a scroll of immolation {unknown}
 v - a scroll of enchant armour {unknown}
 w - a scroll of blinking {unknown}
 y - a scroll of butterflies {unknown}
Potions
 d - 3 potions of might
 g - a potion of mutation {unknown}
 h - a potion of cancellation {unknown}
 l - 4 potions of curing {unknown}
 n - a potion of ambrosia {unknown}
 t - a potion of haste {unknown}
 z - a potion of magic {unknown}


   Skills:
 + Level 4.7 Fighting
 + Level 5.0 Maces & Flails
 + Level 5.0 Armour
 + Level 1.2 Dodging
 + Level 4.3 Shields


You had 6 spell levels left.
You didn't know any spells.
Your spell library contained the following spells:

 Spells                   Type           Power      Damage    Failure   Level
 Apportation              Tloc           0%         N/A       71%         1
 Necrotise                Necr           0%         1d4       71%         1
 Sandblast                Erth           0%         2d4       71%         1
 Passwall                 Tmut/Erth      0%         N/A       83%         2
 Ignite Poison            Fire/Tmut/Pois 0%         N/A       97%         3
 Stone Arrow              Conj/Erth      0%         3d7       97%         3
 Vampiric Draining        Necr           0%         2d6       97%         3
 Sticky Flame             Conj/Fire      0%         2d3       100%        4
 Agony                    Necr           0%         N/A       100%        5
 Ignition                 Fire           0%         3d3       100%        8
 Summon Small Mammal      Summ           Unusable   N/A       N/A         1

Dungeon Overview and Level Annotations

Branches:
Dungeon (5/15)             Temple (1/1) D:5

Altars:
Ashenzari
Cheibriados
Dithmenos
Elyvilon
Fedhas
Hepliaklqana
Kikubaaqudgha
Nemelex Xobeh
Okawaru
Qazlal
Ru
Sif Muna
Uskayaw
Vehumet
Xom
Yredelemnul
Zin
The Shining One


Innate Abilities, Weirdness & Mutations

You are immune to sickness and miasma.
Your stone body is resilient. (AC +4)
You are immune to poison.
You resist negative energy. (rN+)
You are resistant to electric shocks. (rElec)
You are resistant to unholy torment.
You are immune to petrification.


Message History

The orc wizard casts a spell at you.
The magic dart hits something!
You are confused.
The orc wizard gestures wildly while chanting.
The orc wizard flickers and vanishes!
You hear some strange, mumbled words.
Something tries to affect you, but you resist.
Something hits you but does no damage.
You feel less confused. Something misses you.
A puff of flame appears from out of thin air!
The puff of flame hits something.
Reactivating autopickup.
There is an escape hatch in the ceiling here.
There is a stone staircase leading up here.
You climb upwards.
There is a stone staircase leading down here.
You start resting.
An ogre is nearby!
The ogre shouts!
The ogre attacks as you move away! You block the ogre's attack.
The ogre completely misses you.
There is a stone staircase leading up here.
You climb upwards.
There is a stone staircase leading down here.
You start resting.
HP restored.
You climb downwards.
The ogre hits you with a +0 giant club!
There is a stone staircase leading up here.
You sock the ogre!
The ogre is heavily wounded.
The ogre hits you with a +0 giant club!
You are too injured to fight recklessly!
You are too injured to fight recklessly!
You are too injured to fight recklessly!
You sock the ogre!
The ogre is almost dead.
The ogre hits you with a +0 giant club!!
Ouch! That really hurt!
You die...

####.# #####.####
##.....## #.#
#.......# ##...## #.#
#.###.#.# ##'## #.#
#.# #.#.# #.# # #.#
#.# #.#.# ######.## #
#######.# #.# #.#.#
#.......### ........#
#.# #.#.# #.#........
######### #.###.#.#
#.#......## #.....@O#
#.#>#...##
#####.#######.#.##..#
#..O........###.#
#########.### #.#
#.#####.# #.......#
#########


You could see an ogre.

Vanquished Creatures
  An ogre (D:5)
  3 hounds (D:4)
  2 orc priests
  An orc wizard (D:4)
  3 iguanas (D:4)
  Ijyb (D:3)
  3 adders (D:2)
  A shadow imp (D:5)
  An ufetubus (D:5)
  2 worms
  3 dart slugs
  10 orcs
  5 bats
  9 endoplasms
  5 giant cockroaches
  9 goblins
  8 hobgoblins
  4 kobolds
  2 quokkas
  7 ball pythons
  3 frilled lizards
  5 rats
88 creatures vanquished.

Vanquished Creatures (others)
  An orc wizard (D:5)
1 creature vanquished.

Grand Total: 89 creatures vanquished

Notes
Turn   | Place    | Note
-------+----------+-------------------------------------------
     0 | D:1      | AdnanSaban the Gargoyle Fighter began the quest for the
                  | Orb.
     0 | D:1      | Reached XP level 1. HP: 14/14 MP: 1/1
    57 | D:1      | Reached XP level 2. HP: 17/19 MP: 2/2
   475 | D:1      | Reached XP level 3. HP: 24/24 MP: 3/3
   712 | D:1      | Found a faded altar of an unknown god.
  1209 | D:2      | Reached XP level 4. HP: 29/29 MP: 4/4
  1845 | D:3      | Noticed Ijyb
  1866 | D:3      | Killed Ijyb
  2155 | D:2      | Reached XP level 5. HP: 8/33 MP: 5/5
  2897 | D:4      | Noticed an ogre
  3047 | D:4      | Reached skill level 1 in Dodging
  3194 | D:4      | Reached XP level 6. HP: 39/39 MP: 6/6
  3747 | D:5      | Entered Level 5 of the Dungeon
  3834 | D:5      | Identified the +1 spear of Wrongful Imprisonment {distort,
                  | rElec rF+ Dex+2}
  3900 | D:5      | Found a staircase to the Ecumenical Temple.
  3906 | Temple   | Entered the Ecumenical Temple
  3918 | Temple   | Became a worshipper of Warmaster Okawaru
  4164 | D:5      | Reached skill level 5 in Maces & Flails
  4164 | D:5      | Reached skill level 5 in Armour
  4164 | D:5      | Reached XP level 7. HP: 14/44 MP: 7/7
  4274 | D:4      | Mangled by an ogre

Illustrated notes

Levels and vault maps discovered:
D:1:      dpeg_arrival_tiny_i, layout_loops_ring,
          shapermc_ecumenical_altar_mp_ritualfount, nicolae_figureground_sparkle
D:2:      layout_basic
D:3:      layout_rooms, uniq_ijyb
D:4:      layout_loops_corners
D:5:      layout_cave_pools, nzn_wu_jian_council_hall,
          minmay_temple_entry_offerings, minivault_25, minmay_misc_feat_encased,
          kennysheep_generic_room_12
Temple:   hc_temple_tempest_star

Skill      XL: |  1  2  3  4  5  6 |
---------------+-------------------+-----
Armour         | 4 5 |  5.0
Maces & Flails | 3 5 |  5.0
Fighting       | 4 |  4.7
Dodging        | 1 |  1.2
Shields        | 4 |  4.3

Action                     |  1- 3 |  4- 6 |  7- 9 || total
---------------------------+-------+-------+-------++-------
  Melee: Flail             |   133 |    97 |       ||   230
         Mace              |       |   156 |     2 ||   158
 Armour: Scale mail        |    91 |   117 |     3 ||   211
         Skin              |       |     8 |       ||     8
  Dodge: Dodged            |    75 |   133 |     2 ||   210
  Block: Buckler           |    27 |    73 |     1 ||   101

Table legend: (Time is in decaauts)
 A = Elapsed time spent in this place.
 B = Non-inter-level travel time spent in this place.
 C = Inter-level travel time spent in this place.
 D = Time resting spent in this place.
 E = Time spent auto-exploring this place.
 F = Levels seen in this place.
 G = Mean time per level.
                   A        B        C        D        E       F      G
               +--------+--------+--------+--------+--------+-----+--------+
         Total |   4384 |   4163 |    221 |    323 |   2853 |   6 |  730.7 |
       Dungeon |   4360 |   4161 |    199 |    323 |   2853 |   5 |  872.0 |
        Temple |     24 |      2 |     22 |      0 |      0 |   1 |   24.0 |
               +--------+--------+--------+--------+--------+-----+--------+

Top non-repeatable levels by time:
     D:4: 1156 daAuts
     D:2: 1127 daAuts
     D:3: 963 daAuts
     D:1: 760 daAuts
     D:5: 352 daAuts
  Temple: 24 daAuts
